 Dungeon Crawl Stone Soup version 0.22.1-1-ga44c0e56f4 (webtiles) character file.

1972 Peloso the Carver (level 9, -4/77 (78) HPs)
             Began as a Minotaur Fighter on Nov 3, 2018.
             Was a Follower of Okawaru.
             Slain by a steam dragon (5 damage)
             ... on level 7 of the Dungeon.
             The game lasted 00:15:17 (5018 turns).

Peloso the Carver (Minotaur Fighter)                Turns: 5018, Time: 00:15:17

HP:   -4/77 (78)    AC: 11    Str: 26    XL:     9   Next: 0%
MP:   0/8           EV: 10    Int:  5    God:    Okawaru [*.....]
Gold: 367           SH: 11    Dex: 11    Spells: 8/8 levels left

rFire    . . .     SeeInvis .   a - +0 long sword
rCold    . . .     Gourm    .   c - +0 shield
rNeg     . . .     Faith    .   b - +0 scale mail
rPois    +         Spirit   +   (helmet restricted)
rElec    .         Reflect  .   N - +0 cloak
rCorr    .         Harm     .   (no gloves)
MR       .....                  g - +1 pair of boots
Stlth    ..........             k - amulet of guardian spirit
HPRegen  0.22/turn              A - ring of poison resistance
MPRegen  0.11/turn              F - +3 ring of strength

@: no status effects
A: retaliatory headbutt, horns 2
a: Heroism, Renounce Religion


You were on level 7 of the Dungeon.
You worshipped Okawaru.
Okawaru was aware of your devotion.
You were not hungry.

You visited 1 branch of the dungeon, and saw 7 of its levels.
You also visited: Sewer.

You collected 367 gold pieces.

Inventory:

Hand Weapons
 a - a +0 long sword (weapon)
 e - a +2 whip of flaming
Armour
 b - a +0 scale mail (worn)
 c - a +0 shield (worn)
 g - a +1 pair of boots (worn)
 N - a +0 cloak (worn)
Jewellery
 i - a +3 ring of evasion
 k - an amulet of guardian spirit (around neck)
 o - an uncursed ring of resist corrosion
 y - an uncursed amulet of the acrobat
 A - a ring of poison resistance (left hand)
 B - an uncursed ring of positive energy
 C - an uncursed ring of see invisible
 F - a +3 ring of strength (right hand)
Wands
 D - a wand of flame (39)
Scrolls
 j - 4 scrolls of remove curse
 m - 2 scrolls of enchant weapon {unknown}
 n - 3 scrolls of fog {unknown}
 q - 2 scrolls of teleportation {unknown}
 s - a scroll of blinking {unknown}
 t - 3 scrolls of amnesia {unknown}
 u - a scroll of random uselessness {unknown}
 E - a scroll of immolation {unknown}
 H - a scroll of magic mapping {unknown}
 K - a scroll of noise {unknown}
Potions
 d - 5 potions of might
 h - 2 potions of agility {unknown}
 l - 3 potions of magic
 r - 2 potions of haste
 v - 2 potions of berserk rage
 w - a potion of invisibility
 x - 6 potions of curing
 z - 2 potions of lignification {unknown}
 G - a potion of heal wounds
 I - a potion of mutation {unknown}
 J - a potion of flight {unknown}
 L - a potion of ambrosia {unknown}
Comestibles
 f - 9 rations
 p - 5 chunks of flesh


   Skills:
 + Level 6.5 Fighting
 + Level 8.0 Long Blades
 + Level 7.2 Armour
 + Level 4.0 Dodging
 + Level 0.1 Stealth
 + Level 7.7 Shields
 + Level 0.1 Evocations


You had 8 spell levels left.
You didn't know any spells.
Your spell library contained the following spells:

 Spells                   Type           Power        Failure   Level  Hunger
 Confusing Touch          Hex            #.....       96%         1    ##.....
 Confuse                  Hex            #.......     100%        3    ####...
 Gell's Gravitas          Tloc           #.........   100%        3    ####...
 Petrify                  Tmut/Erth      #.......     100%        4    #####..
 Metabolic Englaciation   Hex/Ice        #.........   100%        5    ######.
 Yara's Violent Unravell  Hex/Tmut       #.........   100%        5    ######.


Dungeon Overview and Level Annotations

Branches:
Dungeon (7/15)             Temple (0/1) D:6

Altars:
Elyvilon
Fedhas
Hepliaklqana
Okawaru
Trog
Wu Jian
Xom
Yredelemnul
Zin

Shops:
D:6 :


Innate Abilities, Weirdness & Mutations

You reflexively headbutt those who attack you in melee.
You have a pair of horns on your head.


Message History

Okawaru accepts your kill.
Your Dodging skill increases to level 4!
You have reached level 9!
Your experience leads to an increase in your attributes!
Your base attributes are Str 22, Int 5, Dex 11.
Increase (S)trength, (I)ntelligence, or (D)exterity?
You feel stronger. You block the steam dragon's attack.
The steam dragon claws you but does no damage.
You barely miss the steam dragon.
The steam dragon is lightly wounded.
The steam dragon breathes steam at you. The ball of steam hits you!
* * * LOW HITPOINT WARNING * * *
You hit the steam dragon but do no damage.
The steam dragon is lightly wounded.
You are engulfed in a cloud of scalding steam.
* * * LOW HITPOINT WARNING * * *
The steam dragon bites you.
You die...

#....#.#....##.....#..
#...........##.....##.
#...........##.....##.
#......##....#........
#......##....+........
#.....(......#...l{...
##.....(.(....#..o..#.#
#.....)D##...##..##....
#.....@<##...##..#..#.#
##(..§()##÷......+.....
##(#######.......#..#.#
#.(..............#.....
#(..g............#.....
##...............#.....
##...............#...o.
#.......##......###..##
#.<.g...##......# #'###


You could see a steam dragon.

Vanquished Creatures
  Edmund (D:6)
  Duvessa (D:6)
  A sky beast (D:5)
  A necrophage (D:6)
  2 ogres
  2 centaurs
  A bullfrog (D:6)
  A gnoll sergeant (D:7)
  Dowan (D:6)
  A scorpion (D:7)
  A howler monkey (D:6)
  2 crimson imps
  An orc priest (D:3)
  A bullfrog skeleton (D:5)
  A centaur skeleton (D:6)
  4 hounds
  3 jellies
  3 orc wizards
  Crazy Yiuf (D:5)
  3 worker ants
  Terence (D:3)
  2 hound zombies (D:5)
  8 gnolls
  17 adders
  3 oozes
  An adder skeleton (D:4)
  5 dart slugs
  4 leopard geckos
  8 orcs
  5 bats
  9 giant cockroaches
  10 goblins
  6 hobgoblins
  12 jackals
  5 quokkas
  10 ball pythons
  5 frilled lizards
  17 kobolds
  A quokka skeleton (D:4)
  A quokka zombie (D:5)
  5 rats
  A spectral orc (D:5)
  4 plants (Sewer)
172 creatures vanquished.

Vanquished Creatures (others)
  A shadow imp (D:6)
1 creature vanquished.

Grand Total: 173 creatures vanquished

Notes
Turn   | Place    | Note
-------+----------+-------------------------------------------
     0 | D:1      | Peloso the Minotaur Fighter began the quest for the Orb.
     0 | D:1      | Reached XP level 1. HP: 19/19 MP: 0/0
   132 | D:1      | Reached XP level 2. HP: 9/27 MP: 1/1
   488 | D:1      | Reached XP level 3. HP: 32/33 MP: 2/2
   863 | D:2      | Reached skill level 3 in Long Blades
   867 | D:2      | Reached XP level 4. HP: 22/40 MP: 3/3
  1253 | D:2      | Reached skill level 1 in Dodging
  1253 | D:2      | Reached XP level 5. HP: 36/47 MP: 2/4
  1545 | D:3      | Reached skill level 4 in Long Blades
  1578 | D:3      | Reached skill level 5 in Shields
  1696 | D:3      | Found a blossoming altar of Fedhas.
  1700 | D:3      | Reached XP level 6. HP: 51/53 MP: 5/5
  1963 | D:3      | Noticed Terence
  1970 | D:3      | Killed Terence
  2175 | D:4      | Reached skill level 5 in Armour
  2400 | D:4      | Found a bloodstained altar of Trog.
  2468 | D:4      | Found a glowing silver altar of Zin.
  2472 | D:4      | Found a shimmering altar of Xom.
  2472 | D:4      | Found a white marble altar of Elyvilon.
  2492 | D:4      | Found an ornate altar of the Wu Jian Council.
  2492 | D:4      | Found a hazy altar of Hepliaklqana.
  2594 | D:5      | Entered Level 5 of the Dungeon
  2595 | D:5      | Reached skill level 5 in Fighting
  2601 | D:5      | Reached XP level 7. HP: 61/61 MP: 6/6
  2617 | D:5      | Reached skill level 5 in Long Blades
  2645 | D:5      | Found a glowing drain.
  2790 | Sewer    | Entered a sewer
  3728 | D:5      | Found a basalt altar of Yredelemnul.
  3864 | D:5      | Found a runed door.
  3912 | D:5      | Reached skill level 6 in Long Blades
  3912 | D:5      | Reached XP level 8. HP: 70/70 MP: 7/7
  4057 | D:5      | Noticed Crazy Yiuf
  4064 | D:5      | Killed Crazy Yiuf
  4187 | D:6      | Found a staircase to the Ecumenical Temple.
  4191 | D:6      | Noticed Edmund
  4191 | D:6      | Noticed Dowan
  4192 | D:6      | Noticed Duvessa
  4193 | D:6      | Found Jouva's Book Shop.
  4194 | D:6      | Found an iron altar of Okawaru.
  4198 | D:6      | Killed Edmund
  4210 | D:6      | Killed Duvessa
  4218 | D:6      | Killed Dowan
  4218 | D:6      | Reached skill level 7 in Long Blades
  4227 | D:6      | Became a worshipper of Warmaster Okawaru
  5001 | D:7      | Reached * piety under Okawaru
  5001 | D:7      | Reached skill level 8 in Long Blades
  5016 | D:7      | Reached XP level 9. HP: 18/77 MP: 3/8
  5018 | D:7      | HP: 1/77 [steam dragon] (6)]
  5018 | D:7      | Slain by a steam dragon

Skill      XL: |  1  2  3  4  5  6  7  8 |
---------------+-------------------------+-----
Fighting       | 4 5 6 |  6.5
Armour         | 4 5 6 7 |  7.2
Shields        | 4 5 6 7 |  7.7
Long Blades    | 3 4 6 8 |  8.0
Dodging        | 1 2 3 4 |  4.0
Stealth        | |  0.1
Evocations     | |  0.1

Action                   |  1- 3 |  4- 6 |  7- 9 || total
-------------------------+-------+-------+-------++-------
Melee: Long sword        |    68 |   147 |   270 ||   485
       Headbutt          |     9 |    22 |    73 ||   104
Evoke: Wand              |       |       |     2 ||     2
  Use: Scroll            |       |       |     6 ||     6
  Eat: Chunk             |       |     5 |     6 ||    11
       Ration            |       |       |     1 ||     1
Armor: Scale mail        |    25 |    64 |    88 ||   177
Dodge: Dodged            |    26 |    63 |    86 ||   175
Block: Shield            |    36 |    93 |   170 ||   299
       Rpst.: Long sword |     6 |    24 |    24 ||    54
